 Dungeon Crawl Stone Soup version 0.28.0-53-g5a82cb258f (webtiles) character file.

Game seed: 13130662003001840981

952 Gabide the Tainter (level 8, 0/56 HPs)
             Began as a Formicid Venom Mage on June 29, 2022.
             Slain by a water moccasin (3 damage)
             ... on level 5 of the Dungeon.
             The game lasted 00:16:51 (7827 turns).

Gabide the Tainter (Formicid Venom Mage)            Turns: 7827, Time: 00:16:51

Health: 0/56       AC:  4    Str: 19    XL:     8   Next: 36%
Magic:  9/13       EV: 12    Int: 25    God:
Gold:   157        SH:  0    Dex: 11    Spells: 13/16 levels left

rFire   . . .      SeeInvis +   a - +2 short sword (protect)
rCold   . . .      Faith    .   (no shield)
rNeg    . . .      Spirit   .   e - +0 robe
rPois   .          Reflect  .   (helmet unavailable)
rElec   .          Harm     .   b - scarf {repulsion}
rCorr   .          Rampage  .   (no gloves)
Will    .....                   (no boots)
Stlth   ++........              (no amulet)
HPRegen 0.18/turn               j - +6 ring of strength
MPRegen 0.13/turn               r - +6 ring of intelligence

@: mighty, lethally poisoned (0 -> -9), flying, repel missiles
A: permanent stasis, dig shafts and tunnels, antennae 3, four strong arms,
iridescent scales 1, clever 1, low MP 1
a: Dig, Shaft Self


You were on level 5 of the Dungeon.
You visited 1 branch of the dungeon, and saw 5 of its levels.

You collected 157 gold pieces.

Inventory:

Hand Weapons
 a - a +2 short sword of protection (weapon)
Missiles
 h - 2 throwing nets
 n - 6 curare-tipped darts
Armour
 b - a scarf of repulsion (worn)
 e - a +0 robe (worn)
Jewellery
 j - a +6 ring of strength (left hand)
 r - a +6 ring of intelligence (right hand)
Wands
 o - a wand of polymorph (10)
Scrolls
 d - 2 scrolls of magic mapping
 g - a scroll of noise
 i - a scroll of amnesia
 k - a scroll of brand weapon {unknown}
 p - a scroll of teleportation {unknown}
 q - a scroll of blinking {unknown}
 t - a scroll of silence {unknown}
Potions
 l - a potion of magic {unknown}
 m - a potion of brilliance {unknown}


   Skills:
 - Level 2.0 Fighting
 - Level 2.0 Short Blades
 - Level 2.0 Dodging
 - Level 2.5 Stealth
 + Level 4.9 Spellcasting
 - Level 5.0 Transmutations
 * Level 8.2 Poison Magic


You had 13 spell levels left.
You knew the following spells:

 Your Spells              Type           Power      Damage    Failure   Level
a - Sting                 Tmut/Pois      100%       1d8       1%          1
b - Poisonous Vapours     Pois/Air       52%        N/A       2%          2

Your spell library contained the following spells:

 Spells                   Type           Power      Damage    Failure   Level
 Olgreb's Toxic Radiance  Pois           47%        N/A       2%          4
 Mephitic Cloud           Conj/Pois/Air  20%        N/A       8%          3
 Animate Skeleton         Necr           12%        N/A       9%          1
 Apportation              Tloc           12%        N/A       9%          1
 Summon Small Mammal      Summ           24%        N/A       9%          1


Dungeon Overview and Level Annotations

Branches:
Dungeon (5/15)             Temple (0/1) D:5

Altars:
Elyvilon

Shops:
D:1 [


Innate Abilities, Weirdness & Mutations

You cannot be hasted, slowed, berserked, paralysed or teleported.
You can dig through walls and to a lower floor.
You have a pair of large antennae on your head. (SInv)
Your four strong arms can wield two-handed weapons with a shield.
You are partially covered in iridescent scales. (AC +2)
Your mind is acute. (Int +2)
Your magical capacity is low. (-10% MP)


Message History

The water moccasin is lightly wounded.
The water moccasin bites you.
You are poisoned.
The water moccasin poisons you! The water moccasin barely misses you.
The sting hits the water moccasin.
The water moccasin partially resists.
The water moccasin looks as sick as possible!
The water moccasin is lightly wounded.
You feel very sick. The water moccasin bites you.
You are more poisoned.
The water moccasin poisons you!
You feel extremely sick. The water moccasin barely misses you.
You feel very sick.
You feel very sick. The water moccasin bites you.
You feel very sick.
You feel very sick. The water moccasin misses you.
You feel sick.
You feel very mighty all of a sudden.
You feel sick. The water moccasin bites you.
* * * LOW HITPOINT WARNING * * *
The scorpion barely misses you. The water moccasin bites you.
* * * LOW HITPOINT WARNING * * *
You are lethally poisoned!
The water moccasin poisons you!
It was a potion of flight.
You feel very buoyant.
You fly up into the air.
* * * LOW HITPOINT WARNING * * *
You feel very sick. The scorpion completely misses you.
The water moccasin bites you.
* * * LOW HITPOINT WARNING * * *
You completely miss the water moccasin.
The water moccasin is severely wounded.
* * * LOW HITPOINT WARNING * * *
You feel very sick. The scorpion completely misses you.
The water moccasin bites you.
You die...

##.....#...###.##.#######
...........###.##.#
.###..#...........#
.........###.#..#
#...#.#.#.###.#..#
..###.#....##.#..#
#...##...##.#..#
.....#....#.#..#
..>..##†..#.#@.####
........#....Ss...#
#...###.....#.....#
#.###.............#
#.#........>#.....#
.....######.....# ...#.
#.....# .###. #.....#
..s.....$...#


You could see a water moccasin (very poisoned) and a scorpion.

Vanquished Creatures
  An orc warrior (D:5)
  An ogre (D:5)
  A kobold brigand (D:3)
  3 scorpions (D:4)
  A jelly (D:4)
  A hound (D:4)
  Terence (D:2)
  2 iguanas (D:4)
  5 orc wizards
  A hound zombie (D:5)
  A howler monkey zombie (D:3)
  8 adders
  7 gnolls
  An adder skeleton (D:4)
  2 dart slugs
  13 orcs
  6 endoplasms
  3 giant cockroaches
  4 goblins
  14 hobgoblins
  A jackal (D:4)
  A quokka (D:4)
  7 ball pythons
  4 bats
  3 frilled lizards
  11 kobolds
  8 rats
111 creatures vanquished.

Vanquished Creatures (others)
  14 plants (D:2)
14 creatures vanquished.

Grand Total: 125 creatures vanquished

Notes
Turn   | Place    | Note
-------+----------+-------------------------------------------
     0 | D:1      | Gabide the Formicid Venom Mage began the quest for the Orb.
     0 | D:1      | Reached XP level 1. HP: 13/13 MP: 3/3
   349 | D:1      | Reached XP level 2. HP: 19/19 MP: 3/5
   396 | D:1      | Found Ranefoat's Antique Armour Emporium.
   487 | D:1      | Found a faded altar of an unknown god.
   970 | D:1      | Reached XP level 3. HP: 24/24 MP: 4/7
  1567 | D:1      | Reached skill level 1 in Short Blades
  1891 | D:2      | Noticed Terence
  1907 | D:2      | Killed Terence
  1908 | D:2      | Reached XP level 4. HP: 29/30 MP: 2/8
  2113 | D:2      | Learned a level 2 spell: Poisonous Vapours
  2455 | D:2      | Found a white marble altar of Elyvilon.
  2487 | D:2      | Reached skill level 1 in Fighting
  2487 | D:2      | Reached XP level 5. HP: 12/37 MP: 3/9
  3645 | D:3      | Noticed a kobold brigand
  3675 | D:3      | Killed a kobold brigand
  3676 | D:3      | Reached XP level 6. HP: 20/44 MP: 3/10
  4782 | D:4      | Reached skill level 5 in Poison Magic
  4935 | D:4      | Reached XP level 7. HP: 44/50 MP: 8/12
  5187 | D:4      | Reached skill level 5 in Transmutations
  5710 | D:4      | Reached skill level 6 in Poison Magic
  6689 | D:5      | Entered Level 5 of the Dungeon
  6932 | D:4      | Gained mutation: You are partially covered in iridescent
                  | scales. (AC +2) [potion of mutation]
  6932 | D:4      | Gained mutation: Your magical capacity is low. (-10% MP)
                  | [potion of mutation]
  6932 | D:4      | Gained mutation: Your mind is acute. (Int +2) [potion of
                  | mutation]
  7258 | D:5      | Reached skill level 7 in Poison Magic
  7304 | D:5      | Reached XP level 8. HP: 43/56 MP: 9/13
  7478 | D:5      | Reached skill level 8 in Poison Magic
  7743 | D:5      | Found a staircase to the Ecumenical Temple.
  7827 | D:5      | Slain by a water moccasin

Illustrated notes

Levels and vault maps discovered:
D:1:      minmay_arrival_plants_in_alcoves, layout_loops_corners,
          hellmonk_ecumenical_altar_prayer_group, serial_shops,
          nicolae_shop_stone, patterned_corridor
D:2:      layout_loops_ring, basic_altar, grunt_decor_mini_mirrors,
          nicolae_grassy_gnolls, uniq_terence
D:3:      cheibrodos_thug_alley, layout_loops_cross, chequers_decorated_corner
D:4:      layout_layer_cave, hangedman_abyss_or_decor_stabs, minmay_cupped
D:5:      layout_basic, minmay_temple_entry_slanted

Skill      XL: |  1  2  3  4  5  6  7  8 |
---------------+-------------------------+-----
Dodging        | 2 |  2.0
Transmutations | 2 4 5 |  5.0
Short Blades   | 1 2 |  2.0
Spellcasting   | 3 4 |  4.9
Fighting       | 1 2 |  2.0
Poison Magic   | 5 7 8 |  8.2
Stealth        | |  2.5

Action                   |  1- 3 |  4- 6 |  7- 9 || total
-------------------------+-------+-------+-------++-------
Melee: Unarmed           |     1 |       |     4 ||     5
       Short sword       |     5 |    74 |    50 ||   129
       Punch             |       |     1 |       ||     1
Throw: Throwing net      |       |     1 |       ||     1
       Dart              |       |       |     2 ||     2
 Cast: Sting             |    56 |    94 |    81 ||   231
       Poisonous Vapours |       |     3 |     9 ||    12
  Use: Scroll            |     1 |     4 |     1 ||     6
       Potion            |       |       |     7 ||     7
Armor: Robe              |     5 |    26 |    14 ||    45
Dodge: Dodged            |    12 |    55 |    59 ||   126
       Repelled          |       |       |     1 ||     1
